 Dungeon Crawl Stone Soup version 0.27.1-34-g3ba077fa99 (webtiles) character file.

Game seed: 18150818590053254314

2937 zeram the Blocker (level 9, -5/56 HPs)
             Began as an Octopode Fighter on Jan 19, 2022.
             Was an Initiate of Gozag.
             Slain by a troll (9 damage)
             ... on level 9 of the Dungeon.
             The game lasted 00:16:19 (10568 turns).

zeram the Blocker (Octopode Fighter)               Turns: 10568, Time: 00:16:22

Health: -5/56      AC:  1    Str: 16    XL:     9   Next: 80%
Magic:  9/9        EV: 14    Int: 19    God:    Gozag
Gold:   254        SH: 12    Dex: 11    Spells: 6/8 levels left

rFire    . . .     SeeInvis .   e - +2 hand axe (venom)
rCold    . . .     Faith    .   b - +1 kite shield
rNeg     . . .     Spirit   .   (helmet restricted)
rPois    .         Reflect  .   j - amulet of magic regeneration
rElec    .         Harm     .   u - +6 ring of intelligence
rCorr    .         Rampage  .   (no ring)
Will     .....                  (no ring)
Stlth    ++........             (no ring)
HPRegen  0.18/turn              (no ring)
MPRegen  0.36/turn              (no ring)
                                (no ring)
                                (no ring)

@: no status effects
A: almost no armour, amphibious, 8 rings, camouflage 1, gelatinous body 1,
(nimble swimmer 1), tentacles
a: Renounce Religion, Potion Petition, Call Merchant, Bribe Branch


You were on level 9 of the Dungeon.
You worshipped Gozag.
Gozag was aware of your devotion.
You visited 1 branch of the dungeon, and saw 9 of its levels.

You collected 368 gold pieces.
You paid 114 gold pieces to Gozag.

Inventory:

Hand Weapons
 a - a +0 rapier of freezing
 e - a +2 hand axe of venom (weapon)
Missiles
 o - 2 throwing nets
 t - 19 poisoned darts (quivered)
Armour
 b - a +1 kite shield (worn)
Jewellery
 j - an amulet of magic regeneration (around mantle)
 u - a +6 ring of intelligence (left tentacle)
Wands
 h - a wand of flame (12)
 n - a wand of iceblast (1)
Scrolls
 c - a scroll of fog
 d - a scroll of immolation
 l - 3 scrolls of teleportation
 s - 2 scrolls of fear
 v - a scroll of blinking
 w - a scroll of amnesia
 x - a scroll of magic mapping
Potions
 g - 2 potions of lignification {unknown}
 i - a potion of cancellation {unknown}
 k - 2 potions of attraction {unknown}
 m - 2 potions of mutation {unknown}
 p - a potion of flight {unknown}
 q - 2 potions of haste {unknown}
 r - a potion of degeneration {unknown}


   Skills:
 - Level 3.0 Fighting
 - Level 2.0 Short Blades
 + Level 8.5 Axes
 + Level 6.4 Dodging
 * Level 9.0 Shields


You had 6 spell levels left.
You knew the following spells:

 Your Spells              Type           Power      Damage    Failure   Level
a - Blink                 Tloc           N/A        N/A       54%         2

Your spell library contained the following spells:

 Spells                   Type           Power      Damage    Failure   Level
 Animate Skeleton         Necr           0%         N/A       41%         1
 Gell's Gravitas          Tloc           0%         N/A       78%         3
 Lesser Beckoning         Tloc           0%         N/A       78%         3
 Teleport Other           Tloc           0%         N/A       78%         3
 Manifold Assault         Tloc           0%         N/A       100%        5
 Dispersal                Tloc           0%         N/A       100%        6


Dungeon Overview and Level Annotations

Branches:
Dungeon (9/15)             Temple (0/1) D:7
   Lair: D:8-11         Orc: D:9-12

Altars:
Elyvilon
Gozag
Sif Muna
Vehumet

Annotations:
D:6 2 transporters, styxcanada's ghost, novice SpBr
D:9 1 transporter, Herculon's ghost, novice DECj


Innate Abilities, Weirdness & Mutations

You cannot wear most types of armour.
You are amphibious.
You can wear up to eight rings at the same time.
Your skin changes colour to match your surroundings (Stealth+).
Your rubbery body absorbs attacks. (AC +1, EV +1)
((You are camouflaged near water. (Stealth+)))
You have tentacles for arms and can constrict up to eight enemies at once.


Message History

The troll shouts!
You block the troll's attack. The troll barely misses you.
You block the troll's attack.
You slash the troll!
The troll is moderately wounded.
The troll bites you! The troll misses you. You block the troll's attack.
Unknown command.
You hit the troll.
The troll is poisoned.
You squeeze the troll, but do no damage.
The troll is moderately wounded.
The troll misses you. You block the troll's attack.
The troll barely misses you.
You closely miss the troll.
The troll is lightly wounded.
The troll misses you. You block the troll's attack. The troll misses you.
You hit the troll.
The troll looks even sicker.
The troll is moderately wounded.
The troll bites you!! You block the troll's attack.
The troll completely misses you.
You hit the troll.
The troll looks as sick as possible!
You squeeze the troll.
The troll is heavily wounded.
The troll misses you. The troll barely misses you. The troll claws you.
You are too injured to fight recklessly!
You are too injured to fight recklessly!
Unknown command.
You are too injured to fight recklessly!
You hit the troll.
The troll looks as sick as possible!
The troll is severely wounded.
The troll barely misses you. The troll claws you!
* * * LOW HITPOINT WARNING * * *
The troll claws you!
* * * LOW HITPOINT WARNING * * *
Unknown command.
You feel better.
The komodo dragon hisses angrily.
The troll bites you!
* * * LOW HITPOINT WARNING * * *
The troll claws you!
You die...
Your body crumbles into a pile of gold.

.........>.....#
...###.........#
.....#.........#
.....###########
...........
...........######
................#
........#######T##
........# #.@#
........# ######.#####
........###..........#
............####©###..#
........##### ###W# .#
........#... .
.......##...# .l
.......#..Y... .#
#......#©.##.Y© .#


You could see a komodo dragon, a troll (extremely poisoned) and Herculon's
ghost.

Vanquished Creatures
  A hornet (D:5)
  3 water moccasins
  Duvessa (D:7)
  2 orc warriors
  An ice beast (D:4)
  2 sky beasts (D:6)
  A necrophage (D:7)
  An ogre (D:4)
  2 kobold brigands
  2 bullfrogs
  3 scorpions
  Dowan (D:7)
  3 howler monkeys
  A centaur zombie (D:6)
  4 hounds
  4 orc priests
  A bullfrog skeleton (D:5)
  4 centaur skeletons
  Natasha (thrice) (D:3)
  7 iguanas
  6 orc wizards
  2 killer bee zombies
  7 adders
  A gnoll (D:6)
  A howler monkey skeleton (D:7)
  2 ufetubi (D:4)
  An adder skeleton (D:4)
  2 worms (D:3)
  2 dart slugs
  22 orcs
  6 endoplasms
  2 giant cockroaches
  7 goblins
  9 hobgoblins
  3 jackals (D:2)
  7 quokkas
  3 ball pythons
  2 frilled lizards (D:3)
  17 kobolds
  6 rats
155 creatures vanquished.

Vanquished Creatures (others)
  A quokka (D:3)
  13 plants (D:3)
14 creatures vanquished.

Grand Total: 169 creatures vanquished

Notes
Turn   | Place    | Note
-------+----------+-------------------------------------------
     0 | D:1      | zeram the Octopode Fighter began the quest for the Orb.
     0 | D:1      | Reached XP level 1. HP: 16/16 MP: 1/1
   351 | D:1      | Reached XP level 2. HP: 21/21 MP: 2/2
  1211 | D:2      | Found a faded altar of an unknown god.
  1218 | D:2      | Reached XP level 3. HP: 16/26 MP: 3/3
  1364 | D:2      | Got Plato's Guide on Unholy Rites
  1501 | D:2      | Reached skill level 1 in Axes
  2095 | D:3      | Found a white marble altar of Elyvilon.
  2124 | D:3      | Reached skill level 4 in Shields
  2124 | D:3      | Reached XP level 4. HP: 29/31 MP: 4/4
  2262 | D:3      | Noticed Natasha
  2271 | D:3      | Killed Natasha
  2453 | D:3      | Reached XP level 5. HP: 34/36 MP: 5/5
  2697 | D:3      | Noticed Natasha
  2701 | D:3      | Killed Natasha
  3203 | D:3      | Noticed Natasha
  3217 | D:3      | Killed Natasha
  3939 | D:4      | Reached XP level 6. HP: 42/42 MP: 6/6
  4157 | D:4      | Reached skill level 5 in Shields
  4349 | D:4      | Noticed an ice beast
  4359 | D:4      | Killed an ice beast
  4360 | D:4      | Reached XP level 7. HP: 46/46 MP: 7/7
  4364 | D:4      | Found a radiant altar of Vehumet.
  4784 | D:5      | Entered Level 5 of the Dungeon
  4903 | D:5      | Reached skill level 5 in Axes
  4914 | D:5      | Noticed a hornet
  4922 | D:5      | Killed a hornet
  5014 | D:5      | Reached XP level 8. HP: 39/52 MP: 8/8
  5106 | D:5      | Reached skill level 6 in Shields
  5517 | D:5      | Learned a level 2 spell: Blink
  6110 | D:6      | Reached skill level 5 in Dodging
  6403 | D:6      | Found a transporter.
  6405 | D:6      | Noticed styxcanada's ghost (novice SpBr)
  6430 | D:6      | Found a transporter.
  7146 | D:6      | Reached skill level 7 in Shields
  7608 | D:6      | Reached XP level 9. HP: 56/56 MP: 9/9
  7715 | D:7      | Noticed Duvessa
  7716 | D:7      | Noticed Dowan
  7889 | D:7      | Killed Duvessa
  7890 | D:7      | Killed Dowan
  8191 | D:7      | Reached skill level 8 in Shields
  8289 | D:7      | Found a staircase to the Ecumenical Temple.
  9669 | D:8      | Found an opulent altar of Gozag.
  9676 | D:8      | Became a worshipper of Gozag Ym Sagoz the Greedy
  9846 | D:8      | Noticed a catoblepas
 10396 | D:9      | Found a shimmering blue altar of Sif Muna.
 10420 | D:9      | Reached skill level 9 in Shields
 10535 | D:9      | Found a transporter.
 10541 | D:9      | Noticed a moth of wrath
 10554 | D:9      | Noticed a troll
 10565 | D:9      | Noticed Herculon's ghost (novice DECj)
 10567 | D:9      | Noticed a komodo dragon
 10568 | D:9      | Slain by a troll

Illustrated notes

Levels and vault maps discovered:
D:1:      dpeg_arrival_tiny_f, layout_basic
D:2:      layout_rooms, shapermc_ecumenical_altar_rom_forum,
          chequers_serial_rivers_large_a
D:3:      layout_basic, elyvilon_altar_4, portal_sewer_entry_e, serial_forest,
          infiniplex_forest_corner_1, infiniplex_forest_straight_5,
          infiniplex_forest_end_2, infiniplex_forest_lined_room_2,
          infiniplex_forest_clump_curved, infiniplex_forest_clump_cross,
          infiniplex_forest_split, infiniplex_forest_clump_medium, uniq_natasha
D:4:      layout_basic, marbit_many_paths
D:5:      layout_basic, serial_rivers, chequers_serial_rivers_large_b,
          chequers_serial_rivers_room_a, chequers_serial_rivers_micro_e,
          chequers_serial_rivers_micro_d, bh_walls_and_bars
D:6:      layout_basic, gammafunk_ghost_smash, kennysheep_small_circle
D:7:      layout_cave_pools, minmay_temple_entry_tees, uniq_duvessa
D:8:      layout_loops_ring, grunt_gozag_statues, lightli_corner_chamber
D:9:      layout_basic, mainiacjoe_overflow_24_doors,
          chequers_temple_overflow_minitemple, lair_entry_dummy,
          gammafunk_ghost_berserking_beasts, kennysheep_generic_room_4,
          uniq_gastronok

Skill      XL: |  1  2  3  4  5  6  7  8  9 |
---------------+----------------------------+-----
Axes           | 1 2 3 4 5 7 8 |  8.5
Shields        | 4 5 7 9 |  9.0
Dodging        | 4 5 6 |  6.4
Fighting       | |  3.0
Short Blades   | |  2.0

Action                   |  1- 3 |  4- 6 |  7- 9 || total
-------------------------+-------+-------+-------++-------
Melee: Rapier            |     7 |       |       ||     7
       Tentacles         |     8 |    14 |    49 ||    71
       Hand axe          |    46 |    86 |   220 ||   352
       Constrict         |    15 |    18 |    55 ||    88
Evoke: Wand              |       |       |     4 ||     4
  Use: Scroll            |     6 |     4 |     5 ||    15
       Potion            |       |     2 |     8 ||    10
 Stab: Distracted        |     1 |     1 |     1 ||     3
       Sleeping          |     2 |     8 |     3 ||    13
Armor: Skin              |     2 |     2 |     8 ||    12
Dodge: Dodged            |    22 |    31 |   106 ||   159
Block: Kite shield       |    21 |    37 |   128 ||   186
